Map: Ever Dream LE

Players

SpeCial - Winner!

  • Race: Terran Terran
  • Spawn Location: 1:00

nanO

  • Race: Protoss Protoss
  • Spawn Location: 7:00

Event: DreamHack SC2 Masters 2020 Summer Latin America

VOD

Have the link to the VOD?

Description

Time

  • Played on: June 24, 2020, 4:53 p.m.
  • Length: 5:46

All games in this series

Show
View Real Time Build Order
Export as new Build Order

SpeCial Terran - Winner!

Build Orders: 1/1/1, Liberator Opening 

Get SALT Encoding   

  12  0:01  SCV  
  13  0:13  SCV  
  14  0:17  Supply Depot  
  14  0:25  SCV  
  15  0:39  SCV  
  15  0:40  Barracks  
  16  0:43  Refinery  
  16  0:51  SCV  
  16  0:54  Refinery  
  17  1:03  SCV  
  18  1:07  Supply Depot  
  18  1:15  SCV  
  19  1:28  Orbital Command, Marine  
  20  1:39  Factory  
  20  1:52  Barracks Reactor  
  20  1:55  SCV  
  21  2:06  Barracks  
  21  2:07  SCV  
  22  2:19  SCV  
  23  2:23  Starport, Factory Tech Lab  
  23  2:29  Marine x2  
  25  2:31  SCV  
  25  2:36  Supply Depot  
  26  2:43  Siege Tank  
  29  2:50  Marine x2  
  31  2:58  Supply Depot, Marine  
  32  3:07  Medivac  
  32  3:09  Marine  
  32  3:11  Marine  
  36  3:19  Siege Tank  
  39  3:22  Marine  
  39  3:26  Supply Depot  
  40  3:29  SCV  
  40  3:31  Marine  
  40  3:33  Marine  
  43  3:41  Marine  
  43  3:45  SCV  
  45  3:49  Marine  
  45  3:51  Marine  
  45  3:53  Liberator  
  50  4:07  Supply Depot, Siege Tank  
  53  4:11  Marine  
  53  4:16  Marine  
  55  4:23  Marine  
  55  4:29  Marine  
  56  4:37  Marine  
  57  4:41  Marine  
  58  4:46  Marine  
Show
View Real Time Build Order
Export as new Build Order

nanO Protoss 

Build Orders: 1 Gate Expand, Blink Stalkers 

Get SALT Encoding   

  12  0:00  Probe  
  13  0:12  Probe  
  14  0:17  Pylon  
  14  0:24  Probe  
  15  0:32  Probe  
  15  0:37  Gateway  
  15  0:40  Probe  
  16  0:47  Assimilator  
  17  0:51  Probe  
  18  1:03  Probe  
  19  1:15  Probe  
  20  1:25  Nexus  
  20  1:34  Cybernetics Core  
  20  1:37  Probe  
  21  1:44  Assimilator  
  21  1:49  Probe  
  21  1:51  Pylon  
  22  2:00  Adept  
  22  2:01  Probe  
  23  2:11  Warp Gate  
  23  2:13  Probe  
  26  2:25  Probe  
  27  2:30  Stalker  
  27  2:33  Probe  
  27  2:35  Twilight Council  
  30  2:37  Probe  
  30  2:41  Probe  
  31  2:49  Probe  
  31  2:50  Probe  
  34  3:00  Stalker  
  34  3:01  Probe  
  34  3:02  Blink  
  34  3:04  Probe  
  38  3:05  Pylon  
  38  3:13  Probe  
  38  3:16  Probe  
  40  3:23  Stalker  
  40  3:26  Probe  
  40  3:29  Shield Battery  
  42  3:35  Gateway  
  42  3:36  Probe  
  42  3:39  Probe  
  44  3:48  Probe  
  45  3:49  Robotics Facility  
  45  3:51  Probe  
  46  4:00  Probe  
  46  4:02  Stalker  
  49  4:03  Probe  
  50  4:12  Probe  
  50  4:13  Nexus  
  51  4:20  Shield Battery  
  51  4:25  Shield Battery  
  51  4:31  Immortal, Zealot  
  47  4:32  Zealot  
  47  4:33  Probe  
  47  4:36  Pylon  
Tags
 
Add a new tag
Caveats
  • Supply blocks, unpowered buildings, or Contaminate may cause inaccurate times.
  • Supply counts are checked every 10 seconds.